 Dungeon Crawl Stone Soup version 0.32-a0-607-g64ea0e4219 (webtiles) character file.

Game seed: 1754642450580012944

585522 gimp the Conqueror (level 26, -5/363 HPs)
             Began as a Coglin Berserker on Mar 4, 2024.
             Was a High Priest of Trog.
             Slain by a green draconian monk (36 damage)
             ... led by a black draconian knight
             ... on level 4 of the Depths.
             The game lasted 02:02:54 (61262 turns).

gimp the Conqueror (Coglin Berserker)              Turns: 61262, Time: 02:02:55

Health: -5/363     AC: 26    Str: 29    XL:     26   Next: 82%
Magic:  32/32      EV: 18    Int:  8    God:    Trog [*****.]
Gold:   2180       SH:  0    Dex: 21    Spells: 25/25 levels left

rFire   + + +        W - +8 broad axe "Jaqeoh" {heavy, rF+++ Will+}
rCold   + + .        S - +7 broad axe "Tiyfas" {heavy, *Noise rC++ Dex+3 Stlth+}
rNeg    + . .        P - +2 chain mail {rPois}
rPois   +            J - +0 hat of Atuurol {rElec rF+ rN+ MP+9}
rElec   +            l - +0 cloak of Xeicoephu {*Slow rF+ rCorr Str+5}
rCorr   +            q - +1 pair of gloves {Stlth+}
SInv    .            j - +0 pair of boots
Will    ++...        (amulet unavailable) Stlth
                     (ring unavailable)
HPRegen 0.80/turn    (ring unavailable)
MPRegen 0.23/turn    N - bismuth booster {rElec Slay+3 Clar RMsl}

%: slow self (1%), repel missiles, clarity
@: berserking (expiring), lethally poisoned (-5 -> -6), slowed, revved
A: off-hand wielding, slow wielding, warmup strikes, no jewellery, deterioration
1
}: 4/15 runes: decaying, serpentine, slimy, silver
a: Renounce Religion, Berserk, Trog's Hand, Brothers in Arms


You were on level 4 of the Depths.
You worshipped Trog.
Trog was extremely pleased with you.
You visited 10 branches of the dungeon, and saw 48 of its levels.
You also visited: Gauntlet, Volcano, Wizlab and Desolation.

You collected 6843 gold pieces.
You spent 4663 gold pieces at shops.

Inventory:

Hand Weapons
 b - a +9 heavy broad axe {Pete}
 S - the +7 broad axe "Tiyfas" (offhand) {heavy, *Noise rC++ Dex+3 Stlth+}
   (Trog gifted it to you on level 4 of the Vaults)

   Dex+3:     It affects your dexterity (+3).
   rC++:      It greatly protects you from cold.
   *Noise:    It may make a loud noise when swung.
   Stlth+:    It makes you more stealthy.
 W - the +8 broad axe "Jaqeoh" (weapon) {heavy, rF+++ Will+}
   (Trog gifted it to you on level 1 of the Depths)

   rF+++:     It renders you almost immune to fire.
   Will+:     It increases your willpower.
Missiles
 L - 3 throwing nets
 O - 14 curare-tipped darts
Armour
 j - a +0 pair of boots (worn)
 l - the +0 cloak of Xeicoephu (worn) {*Slow rF+ rCorr Str+5}
   (You bought it in a shop on level 7 of the Dungeon)

   Str+5:     It affects your strength (+5).
   rF+:       It protects you from fire.
   rCorr:     It protects you from acid and corrosion.
   *Slow:     It may slow you when you take damage.
 o - +0 swamp dragon scales
 q - a +1 pair of gloves of stealth (worn)
 C - +0 fire dragon scales
 I - a +2 hat of willpower
 J - the +0 hat of Atuurol (worn) {rElec rF+ rN+ MP+9}
   (You acquired it on level 14 of the Dungeon)

   rF+:       It protects you from fire.
   rElec:     It insulates you from electricity.
   rN+:       It protects you from negative energy.
   MP+9:      It affects your magic capacity (+9).
 P - a +2 chain mail of poison resistance (worn)
 X - a +2 scale mail of willpower
 Y - a +1 cloak of poison resistance
Gizmo
 N - a bismuth booster (installed) {rElec Slay+3 Clar RMsl}
   (You invented it yourself on level 2 of the Orcish Mines)

   [bismuth booster]

   Slay+3:    It affects your accuracy & damage with ranged weapons and melee
   (+3).
   rElec:     It insulates you from electricity.
   Clar:      It protects you from confusion, rage, mesmerisation and fear.
   RMsl:      It protects you from missiles.
Wands
 d - a wand of mindburst (12)
 e - a wand of quicksilver (51)
 w - a wand of polymorph (37)
 B - a wand of flame (81)
 D - a wand of paralysis (37)
 E - a wand of warping (36)
 Q - a wand of digging (8)
Scrolls
 a - 3 scrolls of butterflies
 f - a scroll of silence
 i - 11 scrolls of poison
 m - 14 scrolls of blinking
 p - 18 scrolls of teleportation
 t - 9 scrolls of immolation
 u - 6 scrolls of fear
 v - 6 scrolls of fog
 x - 5 scrolls of revelation
 y - 6 scrolls of vulnerability
 T - a scroll of enchant armour
 U - 2 scrolls of enchant weapon
Potions
 c - 4 potions of invisibility
 g - 7 potions of haste
 h - 6 potions of magic
 k - 7 potions of might
 n - 21 potions of curing
 r - 12 potions of heal wounds
 s - 5 potions of cancellation
 z - 4 potions of ambrosia
 A - 5 potions of resistance
 F - 5 potions of berserk rage
 G - 12 potions of mutation
 H - 8 potions of enlightenment
Miscellaneous
 K - a lightning rod (4/4)
 M - a condenser vane
 R - a phial of floods
 V - a phantom mirror
 Z - a sack of spiders


   Skills:
 O Level 27 Fighting
 + Level 21.9 Axes
 + Level 24.6 Armour
 - Level 12.1 Dodging
 - Level 15.0 Evocations


You had 25 spell levels left.
You didn't know any spells.
Your spell library was empty.

Dungeon Overview and Level Annotations

Branches:
Dungeon (15/15)            Temple (0/1) D:4            Lair (5/5) D:10
  Swamp (4/4) Lair:2        Snake (4/4) Lair:2        Slime (5/5) Lair:4
    Orc (2/2) D:9             Elf (3/3) Orc:2        Vaults (5/5) D:13
  Crypt (0/3) Vaults:3     Depths (4/4) D:15            Zot (1/5) Depths:4
Volcano (visited)          WizLab (visited)         Desolation (visited)
Gauntlet (visited)

Altars:
Dithmenos
Gozag
Nemelex Xobeh
Okawaru
Qazlal
Trog
Uskayaw
Vehumet
Xom
Yredelemnul
Zin
Jiyva

Shops:
D:4 *   D:7 [   D:14 ?(!?(   Orc:1 :   Orc:2 :(*(   Snake:2 :==   Vaults:1 ?
Vaults:3 ([?![   Vaults:4 (   Depths:3 *   Depths:4 [*?**(*

Portals:
Hell: Depths:1 Depths:2 Depths:3 Depths:4
Abyss: Depths:2 Depths:3 Depths:4
Pandemonium: Depths:2 Depths:3
Ziggurat: Depths:3
Trove: D:14 (give +5 fire dragon scales)

Annotations:
D:5 1 runed translucent door, exclusion: door, Crazy Yiuf
D:10 exclusion: 2 goblins
D:11 exclusion: 4 oklob plants
Lair:2 2 transporters, Veczewe's ghost, journeyman GrEE
Snake:2 1 runed translucent door, exclusion: door
Elf:2 3 runed translucent doors, exclusion: 3 doors
Elf:3 36 runed translucent doors, exclusion: 36 doors
Vaults:3 1 runed translucent door, exclusion: door
Depths:1 exclusion: moth of wrath
Depths:3 3 runed translucent doors, exclusion: 3 doors, Gumuy's ghost, adept MiHu


Innate Abilities, Weirdness & Mutations

You can wield a second weapon in your off-hand.
It takes a long time for you to wield or remove held weapons.
Your first few attacks do less damage.
You cannot equip rings or amulets.
Your body sometimes deteriorates upon taking damage.


Message History

You feel as though you will be slow longer.
The red draconian misses you. The green draconian monk hits you!
The green draconian monk kicks you but does no damage.
The green draconian monk tail-slaps you but does no damage. x2
Something hits you. The death cob misses you.
The red draconian hits you but does no damage.
The moth of wrath goads the black draconian on!
The black draconian goes berserk!
The golden dragon breathes cold at you. The bolt of cold misses you.
The purple draconian hits you but does no damage.
The black draconian misses you. The green draconian monk misses you.
The green draconian monk completely misses you.
The green draconian monk closely misses you.
The green draconian monk tail-slaps you but does no damage.
You go up through the gate.
Welcome back to the Depths!
Reactivating autopickup.
You feel a strong urge to attack something.
You feel very sick.
There is a gate to the Realm of Zot, spattered with blood here.
You take 27 damage, and have 148/363 hp.
Unknown command.
Unknown command.
You slice the red draconian with the +7 broad axe "Tiyfas"!!
You kill the red draconian!
Trog accepts your kill.
You slice the death cob with the +7 broad axe "Tiyfas"!!
You slice the green draconian monk with the +7 broad axe "Tiyfas"!!
You slash the purple draconian with the +7 broad axe "Tiyfas"!
You carve something like a ham with the +7 broad axe "Tiyfas"!!!
Your broad axe "Tiyfas" suddenly shrieks!
You slice the purple draconian like a ripe choko with the +8 broad axe "Jaqeoh"!!!
You hit something but do no damage.
You slash the death cob with the +8 broad axe "Jaqeoh"!
You hit the green draconian monk with the +8 broad axe "Jaqeoh".
You feel very sick.
The death cob hits you but does no damage.
A bolt of lightning appears from out of thin air!
Deactivating autopickup; reactivate with Ctrl-A.
The bolt of lightning hits you. You resist.
The bolt of lightning is repelled.
The death cob closely misses you.
The green draconian monk hits you but does no damage.
The green draconian monk kicks you!
The green draconian monk barely misses you. x2
The purple draconian breathes dispelling energy at you.
The bolt of dispelling energy is repelled.
A bolt of lightning appears from out of thin air!
The bolt of lightning hits you! You resist. The bolt of lightning hits you.
You resist. The death cob barely misses you.
You take 37 damage, and have 111/363 hp.
You completely miss the green draconian monk with the +7 broad axe "Tiyfas".
The green draconian monk is heavily wounded.
You closely miss the death cob with the +7 broad axe "Tiyfas".
Your broad axe "Tiyfas" gurgles.
You cut the purple draconian into ribbons with the +7 broad axe "Tiyfas"!!!
You miss something with the +7 broad axe "Tiyfas".
You closely miss the green draconian monk with the +8 broad axe "Jaqeoh".
You hit the purple draconian with the +8 broad axe "Jaqeoh".
You kill the purple draconian!
Trog accepts your kill.
You slice something with the +8 broad axe "Jaqeoh"!!
You slash the death cob with the +8 broad axe "Jaqeoh"!
You feel sick. The death cob misses you. The green draconian monk hits you!!!
* * * LOW HITPOINT WARNING * * *
The green draconian monk kicks you but does no damage.
The green draconian monk tail-slaps you.
* * * LOW HITPOINT WARNING * * *
The green draconian monk misses you. Something closely misses you.
The death cob hits you!!
* * * LOW HITPOINT WARNING * * *
The green draconian monk hits you!
* * * LOW HITPOINT WARNING * * *
The green draconian monk closely misses you.
The green draconian monk misses you.
The green draconian monk tail-slaps you!
* * * LOW HITPOINT WARNING * * *
You take 79 damage, and have 32/363 hp.
MASSIVE DAMAGE!!
You miss the death cob with the +8 broad axe "Jaqeoh".
The death cob is heavily damaged.
You closely miss the green draconian monk with the +8 broad axe "Jaqeoh".
You open something like a pillowcase with the +8 broad axe "Jaqeoh"!!!
Trog accepts your kill.
Trog appreciates your killing of a magic user.
Reactivating autopickup.
You feel a bit more experienced.
You closely miss the death cob with the +7 broad axe "Tiyfas".
You completely miss the green draconian monk with the +7 broad axe "Tiyfas".
You feel sick. The death cob closely misses you. x2
The green draconian monk hits you but does no damage.
The green draconian monk kicks you but does no damage.
The green draconian monk tail-slaps you but does no damage. x2
The death cob hits you but does no damage.
You slice the green draconian monk like a ripe choko with the +8 broad axe "Jaqeoh"!!!
The green draconian monk is almost dead.
You miss the death cob with the +8 broad axe "Jaqeoh".
You miss the green draconian monk with the +7 broad axe "Tiyfas".
You slash the death cob with the +7 broad axe "Tiyfas"!
You feel sick. The death cob completely misses you.
The green draconian monk hits you!!!
You die...

#...... #...... #......
############ ####'###.
##..........###......#+
#...##'##.)).........#.
#..##...##)#(........+.
#..#.q)..#.#.=.[.....#.
#..#.)@z.#.##)..[....#.
#..#.)[..#..#.)<÷..###.
#..##...##..#.[÷...#...
#...#####..##....[##...
#...........#....['....
#.....?.#...########...
##.....##......#...'...
#......#.......#...#...
##....##.......#...#...


You could see a green draconian monk (berserk) and a death cob.

Vanquished Creatures
  the Royal Jelly (Slime:5)
  Mara (Depths:1)
  2 juggernauts (Depths:4)
  3 royal mummies (Depths:3)
  Sojobo (Depths:4)
  Boris (twice) (Vaults:1 Depths:3)
  Josephina (Depths:4)
  Bai Suzhen (Swamp:3)
  Margery (Vaults:5)
  4 caustic shrikes (Depths:4)
  Vashnia (Snake:4)
  3 golden dragons
  Norris (Vaults:4)
  A hellephant (Vaults:4)
  3 doom hounds
  Mlioglotl (Snake:1)
  7 tentacled monstrosities
  A deep elf blademaster (Elf:3)
  Grunn (Depths:3)
  2 liches
  A deep elf master archer (Elf:3)
  A quicksilver dragon (Depths:4)
  6 sphinxes
  An ancient champion (Depths:3)
  17 acid blobs
  Gastronok (D:8)
  7 tengu reavers
  7 storm dragons
  Kirke (Lair:5)
  6 shadow dragons
  Aizul (Swamp:4)
  4 protean progenitors
  4 nagarajas (Snake:4)
  5 fire giants
  2 iron dragons
  12 rockslimes
  4 fenstrider witches (Swamp:4)
  4 deep elf sorcerers
  2 draconian knights
  4 azure jellies
  2 draconian scorchers
  4 frost giants
  7 deep elf elementalists (Elf:3)
  19 ironbound preservers
  17 vault wardens
  A draconian stormcaller (Depths:4)
  A draconian annihilator (Zot:1)
  2 imperial myrmidons (Desolation)
  2 ghouls (Swamp:4)
  13 formless jellyfish
  11 quicksilver oozes
  15 very ugly things
  8 ironbound thunderhulks
  17 stone giants
  2 green draconians
  4 deep elf death magi
  2 vampire knights
  Nessos (D:12)
  5 deep elf demonologists
  A black draconian (Zot:1)
  5 war gargoyles
  A red draconian (Depths:4)
  An eleionoma (Swamp:2)
  8 deep elf annihilators
  A minotaur (Gauntlet)
  12 dire elephants
  A halazid warlock (Desolation)
  5 purple draconians
  2 spark wasps (Depths:2)
  2 bunyips
  4 white draconians
  8 ettins
  3 blizzard demons (Depths:2)
  7 ragged hierophants
  3 shambling mangroves
  A green death (Gauntlet)
  5 crystal guardians
  7 fire dragons
  2 mummy priests
  3 entropy weavers
  38 vault guards
  11 yaktaur captains
  5 salamander tyrants
  9 deep elf high priests
  9 hydras
  3 spriggan air magi
  9 ogre magi
  5 great orbs of eyes
  10 peacekeepers
  2 hell beasts (Swamp:4)
  5 servants of whispers (Desolation)
  A merfolk avatar (Lair:5)
  2 rakshasas
  12 ice dragons
  A juggernaut simulacrum (Depths:4)
  8 ironbound frosthearts
  3 ghost crabs
  2 death knights
  11 boulder beetles
  13 alligators
  12 centaur warriors
  14 anacondas
  23 dancing weapons
  Erica (D:9)
  9 tengu warriors
  11 deep troll earth magi
  A two-headed ogre (shapeshifter) (Vaults:5)
  19 two-headed ogres
  A vampire mage (Depths:1)
  9 deep troll shamans
  3 occultists
  6 spriggan berserkers
  11 shock serpents
  15 death yaks
  10 hell knights
  An orc high priest (Orc:2)
  9 deep elf knights
  11 naga sharpshooters
  10 naga warriors
  12 spriggans
  A soul eater (Depths:3)
  A skeletal warrior (D:15)
  3 skysharks
  9 salamander mystics
  5 iron trolls
  2 goliath frogs
  4 spriggan druids (Swamp:4)
  A swamp dragon (shapeshifter) (Vaults:4)
  8 mana vipers
  9 naga ritualists
  3 arcanists
  3 glowing orange brains
  72 deep trolls
  3 swamp dragons
  A spriggan simulacrum (Depths:4)
  7 thermic dynamos
  A sea snake (Lair:5)
  8 harpies
  4 lindwurms
  2 bog bodies
  23 deep elf pyromancers
  8 phantasmal warriors
  9 necromancers
  22 ironbound convokers
  15 deep elf archers
  A steelbarb worm (shapeshifter) (Vaults:5)
  An orc knight (D:11)
  2 orange crystal statues
  3 steelbarb worms
  23 deep elf zephyrmancers
  4 oklob plants
  4 cyclopes
  17 ugly things
  5 orc sorcerers
  13 salamanders
  4 manticores
  3 will-o-the-wisps
  A cyclops (shapeshifter) (Vaults:5)
  3 moths of wrath (Zot:1)
  6 eyes of devastation
  16 naga magi
  27 vault sentinels
  43 black mambas
  12 guardian serpents
  4 gargoyles
  5 smoke demons
  3 orange demons
  3 torpor snails (Depths:4)
  A storm dragon simulacrum (Depths:4)
  A cane toad (shapeshifter) (D:13)
  A molten gargoyle (Desolation)
  8 rime drakes
  9 cane toads
  2 kobold demonologists
  4 freezing wraiths
  8 komodo dragons
  2 unseen horrors (D:11)
  A komodo dragon (shapeshifter) (D:15)
  2 efreet
  A tormentor (Depths:3)
  2 tengu conjurers
  28 yaktaurs
  A queen bee (D:11)
  A merfolk (Zot:1)
  A bloated husk (Swamp:1)
  A polar bear (shapeshifter) (D:15)
  5 hellwings (Swamp:4)
  16 trolls
  19 hornets
  4 polar bears (Lair:5)
  17 blink frogs
  A wind drake (shapeshifter) (Vaults:5)
  14 tyrant leeches
  41 saltlings
  A raiju (Gauntlet)
  3 glass eyes (Slime:5)
  Sigmund (D:3)
  A snapping turtle (shapeshifter) (Vaults:5)
  A culicivora (shapeshifter) (D:13)
  13 wyverns
  71 slime creatures
  7 vampires
  54 yaks
  Eustachio (D:6)
  5 shadows
  6 ynoxinuls
  11 water elementals
  2 air elementals (Elf:1)
  A golden eye (Slime:5)
  A warg (D:10)
  5 basilisks (Lair:4)
  A fire elemental (Elf:2)
  31 vampire mosquitoes
  6 steam dragons
  A chaos spawn (Swamp:4)
  A redback (Vaults:3)
  A swamp worm (shapeshifter) (Vaults:5)
  39 nagas
  8 swamp worms
  An acid dragon (shapeshifter) (D:13)
  4 acid dragons
  2 water moccasins
  An ice beast (D:7)
  12 orc warriors
  4 swamp drakes
  2 sky beasts
  2 black bears
  22 ogres
  12 centaurs
  8 wolves
  4 phantoms
  2 kobold brigands (D:9)
  A weeping skull (D:5)
  13 bullfrogs
  A gnoll sergeant (D:13)
  2 earth elementals (Elf:2)
  2 scorpions (D:5)
  15 wights
  A hornet simulacrum (D:15)
  36 killer bees
  A howler monkey (D:7)
  4 electric eels (D:13)
  2 bombardier beetles
  A centaur zombie (D:5)
  A bullfrog zombie (D:5)
  A human zombie (D:5)
  2 jellies
  9 orc priests
  A sleepcap (D:6)
  28 orc wizards
  Ijyb (D:5)
  Terence (D:3)
  5 iguanas
  12 hell rats (Lair:4)
  A killer bee zombie (D:5)
  8 ogre zombies (D:9)
  2 mummies (D:5)
  7 gnolls
  5 adders
  An adder zombie (D:5)
  3 ribbon worms
  38 orcs
  4 ball pythons
  6 endoplasms
  2 giant cockroaches
  4 goblins
  5 hobgoblins
  3 quokkas
  4 bats
  2 frilled lizards (D:1)
  2 gnoll skeletons (D:9)
  2 gnoll zombies (D:9)
  13 kobolds
  4 orc skeletons (D:9)
  17 orc zombies (D:9)
  5 rats
  4 aspiring fleshes
1938 creatures vanquished.

Vanquished Creatures (collateral kills)
  Donald (Swamp:1)
  A hydra (D:11)
  A two-headed ogre (Orc:2)
  A goliath frog (Swamp:1)
  3 skysharks (Vaults:4)
  A shadow dragon simulacrum (Depths:4)
  An ogre (Orc:2)
  A centaur (D:11)
10 creatures vanquished.

Vanquished Creatures (others)
  A purple draconian (Zot:1)
  A blizzard demon (Depths:2)
  A vault guard (Vaults:5)
  A ghost crab (Swamp:4)
  A hell knight (Depths:4)
  A sixfirhy (Swamp:4)
  A phantasmal warrior (Vaults:5)
  3 bloated husks
  3 humans (Lair:5)
  14 foxfires
27 creatures vanquished.

Grand Total: 1975 creatures vanquished

Notes
Turn   | Place    | Note
-------+----------+-------------------------------------------
     0 | D:1      | gimp the Coglin Berserker began the quest for the Orb.
     0 | D:1      | Reached XP level 1. HP: 18/18 MP: 1/1
   326 | D:1      | Reached XP level 2. HP: 24/24 MP: 2/2
  1070 | D:2      | Reached XP level 3. HP: 27/29 MP: 3/3
  1147 | D:2      | Reached ** piety under Trog
  1174 | D:2      | Found a faded altar of an unknown god.
  1229 | D:3      | Noticed Sigmund
  1353 | D:4      | Reached XP level 4. HP: 37/37 MP: 4/4
  1482 | D:4      | Found Geru's Assorted Antiques.
  1660 | D:4      | Noticed an ogre
  1667 | D:4      | Killed an ogre
  1668 | D:4      | Reached skill level 4 in Fighting
  1668 | D:4      | Reached skill level 5 in Axes
  1668 | D:4      | Reached XP level 5. HP: 42/42 MP: 5/5
  1735 | D:4      | Found a staircase to the Ecumenical Temple.
  1763 | D:4      | Reached XP level 6. HP: 11/49 MP: 6/6
  1937 | D:4      | Found a glowing silver altar of Zin.
  2047 | D:4      | Found a shimmering altar of Xom.
  2047 | D:4      | Found an opulent altar of Gozag.
  2274 | D:3      | Noticed Terence
  2288 | D:3      | Killed Terence
  2378 | D:3      | Killed Sigmund
  2379 | D:3      | Reached skill level 5 in Fighting
  2379 | D:3      | Reached XP level 7. HP: 56/56 MP: 7/7
  2559 | D:5      | Entered Level 5 of the Dungeon
  2664 | D:5      | Found a stormy altar of Qazlal.
  2823 | D:5      | Noticed Ijyb
  2838 | D:5      | Killed Ijyb
  2913 | D:5      | Reached XP level 8. HP: 63/64 MP: 8/8
  3009 | D:5      | Reached skill level 6 in Fighting
  3035 | D:5      | Found a runed translucent door.
  3036 | D:5      | Noticed Crazy Yiuf
  3505 | D:5      | Found a basalt altar of Yredelemnul.
  4128 | D:4      | Bought a twisted war axe for 263 gold pieces
  4128 | D:4      | Identified the +7 war axe of Past Mistakes {venom, ^Contam
                  | Fly rElec Int+3} (You bought it in a shop on level 4 of the
                  | Dungeon)
  4256 | D:6      | Noticed Eustachio
  4268 | D:6      | Killed Eustachio
  4269 | D:6      | Reached skill level 7 in Fighting
  4589 | D:6      | Reached XP level 9. HP: 72/72 MP: 9/9
  4853 | D:7      | Reached skill level 10 in Axes
  4922 | D:7      | Reached *** piety under Trog
  5269 | D:7      | Found a sparkling altar of Nemelex Xobeh.
  5397 | D:7      | Found Zucs's Antique Armour Shop.
  5440 | D:7      | Reached skill level 8 in Fighting
  6505 | D:8      | Reached XP level 10. HP: 73/80 MP: 10/10
  6773 | D:8      | Noticed Gastronok
  6782 | D:8      | Killed Gastronok
  6783 | D:8      | Reached skill level 9 in Fighting
  7286 | D:9      | Identified the +6 scale mail of the Illusory Xenops {Regen+
                  | Dex+3}
  7588 | D:9      | Noticed Erica
  7600 | D:9      | Killed Erica
  7600 | D:9      | Reached **** piety under Trog
  7688 | D:9      | Reached XP level 11. HP: 79/89 MP: 11/11
  7841 | D:9      | Found a staircase to the Orcish Mines.
  7851 | D:9      | Reached ***** piety under Trog
  8142 | D:10     | Entered Level 10 of the Dungeon
  8152 | D:10     | Received a gift from Trog
  8179 | D:10     | Found a staircase to the Lair.
  8279 | D:10     | Reached skill level 5 in Armour
  8460 | D:10     | Found a shadowy altar of Dithmenos.
  8689 | D:10     | Reached skill level 15 in Axes
  9060 | D:10     | Found an iron altar of Okawaru.
  9550 | D:11     | Noticed a deep elf pyromancer
  9560 | D:11     | Killed a deep elf pyromancer
  9566 | D:11     | Noticed an eight-headed hydra
  9579 | D:11     | Killed a ten-headed hydra
  9580 | D:11     | Reached XP level 12. HP: 95/95 MP: 12/12
  9749 | D:11     | Identified the +0 robe of Light {rF+ rC+ rN+ Str-2}
  9923 | D:11     | Noticed a two-headed ogre
  9929 | D:11     | Killed a two-headed ogre
  9950 | D:11     | Noticed a tengu warrior
  9961 | D:11     | Killed a tengu warrior
 10038 | D:11     | Noticed a boulder beetle
 10052 | D:11     | Killed a boulder beetle
 10362 | D:12     | Noticed Nessos
 10374 | D:12     | Killed Nessos
 10532 | D:7      | Bought a shimmering cloak for 209 gold pieces
 10532 | D:7      | Identified the +0 cloak of Xeicoephu {*Slow rF+ rCorr
                  | Str+5} (You bought it in a shop on level 7 of the Dungeon)
 10532 | D:7      | Bought a pair of runed gloves for 165 gold pieces
 10608 | Orc:1    | Entered Level 1 of the Orcish Mines
 10608 | Orc:1    | Found Vairoykihamm's Book Emporium.
 10641 | Orc:1    | Reached XP level 13. HP: 87/101 MP: 13/13
 10716 | Orc:1    | Found a dark tunnel.
 10805 | Volcano  | Entered a volcano
 11029 | Volcano  | Reached skill level 1 in Evocations
 11399 | Orc:2    | Entered Level 2 of the Orcish Mines
 11631 | Orc:2    | Found a staircase to the Elven Halls.
 11661 | Orc:2    | Received a gift from Trog
 11782 | Orc:2    | Reached skill level 10 in Armour
 11782 | Orc:2    | Reached skill level 5 in Evocations
 11802 | Orc:2    | Reached skill level 10 in Fighting
 12103 | Orc:2    | Found Nixtobos's Antique Weapon Emporium.
 12109 | Orc:2    | Found Edite's Assorted Antiques.
 12135 | Orc:2    | Reached XP level 14. HP: 93/111 MP: 14/14
 12135 | Orc:2    | Acquired a bismuth booster {rElec Slay+3 Clar RMsl}
 12223 | Orc:2    | Found Terphoed's Antique Weapon Boutique.
 12234 | Orc:2    | Found Umyu's Book Emporium.
 12673 | Orc:2    | Bought a runed hand axe for 174 gold pieces
 12685 | Orc:2    | Bought a runed hand axe for 198 gold pieces
 12688 | Orc:2    | Bought a runed hand axe for 198 gold pieces
 12704 | Orc:2    | Bought a bubbling purple potion for 23 gold pieces
 12704 | Orc:2    | Bought 2 scrolls labelled BEIKIUPLUAM for 52 gold pieces
 12704 | Orc:2    | Bought a sedimented brown potion for 23 gold pieces
 13029 | Lair:1   | Entered Level 1 of the Lair of Beasts
 13639 | Lair:2   | Found a staircase to the Swamp.
 13654 | Lair:2   | Paralysed by a hornet for 1 turns
 13718 | Lair:2   | Found a staircase to the Snake Pit.
 13937 | Lair:2   | Found a transporter.
 13939 | Lair:2   | Noticed Veczewe's ghost (journeyman GrEE)
 13972 | Lair:2   | Reached skill level 11 in Fighting
 14129 | Lair:2   | Found a transporter.
 14641 | Snake:1  | Entered Level 1 of the Snake Pit
 14852 | Lair:3   | Identified the +0 cloak "Gesizol" {+Inv rF+ Will-}
 15565 | Lair:4   | Found a staircase to the Slime Pits.
 15567 | Lair:4   | Found a viscous altar of Jiyva.
 15610 | Lair:4   | Received a gift from Trog
 15652 | Lair:4   | Reached skill level 10 in Evocations
 16121 | Lair:5   | Entered Level 5 of the Lair of Beasts
 16147 | Lair:5   | Reached skill level 12 in Fighting
 16380 | Lair:5   | Identified the ring "Oxuppuem" {rF+ EV+5 Int+3 SInv}
 16450 | Lair:5   | Noticed a dire elephant
 16459 | Lair:5   | Killed a dire elephant
 16517 | Lair:5   | Noticed Kirke
 16529 | Lair:5   | Killed Kirke
 16530 | Lair:5   | Reached XP level 15. HP: 116/121 MP: 15/15
 16951 | Lair:5   | Found a hide-covered altar of Uskayaw.
 17111 | Lair:5   | Reached skill level 13 in Fighting
 17394 | Lair:5   | Identified the +0 rapier "Rebras" {flame, *Rage rC+ Stlth+}
 17397 | Lair:5   | Identified the +0 robe "Cezxidat" {+Blink rPois Int-3
                  | Stlth+}
 17425 | Lair:5   | Identified the +0 war axe of Ragnarok {heavy, Stlth+} (Trog
                  | gifted it to you on level 5 of the Lair of Beasts)
 17425 | Lair:5   | Received a gift from Trog
 18359 | D:13     | Found a gate leading to a gauntlet.
 18366 | Gauntlet | Entered a Gauntlet
 18366 | Gauntlet | Found a transporter.
 18366 | Gauntlet | Found a transporter.
 18367 | Gauntlet | Found a transporter.
 18367 | Gauntlet | Found a transporter.
 18370 | Gauntlet | Found a transporter.
 18382 | Gauntlet | Found a transporter.
 18391 | Gauntlet | Found a transporter.
 18391 | Gauntlet | Found a transporter.
 18395 | Gauntlet | Found a transporter.
 18396 | Gauntlet | Found a transporter.
 18418 | Gauntlet | Found a transporter.
 18420 | Gauntlet | Found a transporter.
 18751 | Gauntlet | Identified the +0 pair of gloves of Biyrosif {rCorr Str-5
                  | Slay+3}
 19027 | Gauntlet | Identified the ring "Ataor" {Int+2 Slay+4}
 19557 | D:13     | Reached XP level 16. HP: 82/132 MP: 16/16
 19781 | D:13     | Found a gate to the Vaults.
 19805 | D:13     | Identified the +0 robe "Joiduesu" {rN++ Stlth+}
 20177 | D:13     | Reached skill level 14 in Fighting
 20877 | D:14     | Found Kugiw's Magic Scroll Emporium.
 20887 | D:14     | Bought a scroll of blinking for 112 gold pieces
 20887 | D:14     | Bought a scroll of revelation for 112 gold pieces
 20892 | D:14     | Found a portal to a secret trove of treasure.
 20922 | D:14     | Found Hoodawa's Magic Scroll Shoppe.
 20962 | D:14     | Bought a scroll of fog for 68 gold pieces
 20962 | D:14     | Bought a scroll of fog for 68 gold pieces
 20962 | D:14     | Bought a scroll of blinking for 127 gold pieces
 20962 | D:14     | Bought a scroll of blinking for 127 gold pieces
 21028 | D:14     | Found Qeitocios's Antique Weapon Shoppe.
 21076 | D:14     | Found Ibya's Distillery.
 21102 | D:14     | Bought a potion of might for 64 gold pieces
 21102 | D:14     | Bought 2 potions of heal wounds for 160 gold pieces
 21206 | D:14     | Found a stormy altar of Qazlal.
 21261 | D:14     | Found Rath's Weapon Boutique.
 21262 | D:14     | Identified a scroll of acquirement
 21272 | D:14     | Acquired the +0 hat of Atuurol {rElec rF+ rN+ MP+9}
 21487 | D:15     | Entered Level 15 of the Dungeon
 21492 | D:15     | Received a gift from Trog
 22046 | D:15     | Found a staircase to the Depths.
 22052 | D:15     | Reached skill level 15 in Evocations
 22301 | Swamp:1  | Entered Level 1 of the Swamp
 22376 | Swamp:1  | Noticed Donald
 22458 | Swamp:1  | Killed Donald
 22826 | Swamp:1  | Reached skill level 15 in Fighting
 24281 | Swamp:2  | Reached XP level 17. HP: 114/142 MP: 17/17
 25172 | Swamp:3  | Identified the +11 broad axe of Luxury {flame, ^Contam
                  | ^Fragile rF+ Str+8} (Trog gifted it to you on level 3 of
                  | the Swamp)
 25172 | Swamp:3  | Received a gift from Trog
 25265 | Swamp:3  | Reached skill level 15 in Armour
 25265 | Swamp:3  | Paralysed by a hornet for 2 turns
 25661 | Swamp:4  | Entered Level 4 of the Swamp
 25661 | Swamp:4  | Noticed Bai Suzhen
 25662 | Swamp:4  | Identified the serpent talisman of Elitism {rC++ rN+}
 25662 | Swamp:4  | Noticed Aizul
 25748 | Swamp:4  | Killed Aizul
 25800 | Swamp:4  | Reached skill level 16 in Fighting
 25975 | Swamp:3  | Killed Bai Suzhen
 26033 | Swamp:4  | Noticed a tentacled monstrosity
 26045 | Swamp:4  | Killed a tentacled monstrosity
 27231 | Swamp:4  | Received a gift from Trog
 27476 | Swamp:4  | Reached skill level 17 in Fighting
 27534 | Swamp:4  | Got a decaying rune of Zot
 27934 | Snake:1  | Reached XP level 18. HP: 153/155 MP: 18/18
 28417 | Snake:1  | Received a gift from Trog
 28638 | Snake:1  | Noticed Mlioglotl
 28644 | Snake:1  | Killed Mlioglotl
 29189 | Snake:2  | Found a runed translucent door.
 29192 | Snake:2  | Found the +2 Maxwell's thermic engine {flame, freeze, rev}
 30015 | Snake:2  | Reached skill level 18 in Fighting
 30442 | Snake:2  | Found Iguag's Book Shop.
 30443 | Snake:2  | Found Fadapibb's Jewellery Emporium.
 30443 | Snake:2  | Found Hilub's Jewellery Emporium.
 30829 | Snake:3  | Reached ****** piety under Trog
 30961 | Snake:2  | HP: 7/157 [poisoned by a naga ritualist (toxic radiance)]
 32603 | Snake:3  | Identified the +6 spear "Qagyophal" {venom, Str+3 Dex+4}
 32649 | Snake:4  | Entered Level 4 of the Snake Pit
 32743 | Snake:4  | Received a gift from Trog
 32821 | Snake:4  | Reached XP level 19. HP: 165/165 MP: 19/19
 32907 | Snake:4  | Reached skill level 19 in Fighting
 34227 | Snake:4  | Noticed Vashnia
 34255 | Snake:4  | Killed Vashnia
 34255 | Snake:4  | Received a gift from Trog
 34497 | Snake:4  | Found an iron altar of Okawaru.
 34623 | Snake:4  | Got a serpentine rune of Zot
 34828 | Vaults:1 | Entered Level 1 of the Vaults
 35037 | Vaults:1 | Identified the +2 robe of the Gloaming {Str+4}
 35037 | Vaults:1 | Noticed Boris
 35049 | Vaults:1 | Killed Boris
 35434 | Vaults:1 | Reached skill level 20 in Fighting
 36577 | Vaults:1 | Found Kosy Odi's Magic Scroll Shop.
 36582 | Vaults:1 | Bought a scroll of teleportation for 45 gold pieces
 36582 | Vaults:1 | Bought a scroll of silence for 142 gold pieces
 36582 | Vaults:1 | Bought a scroll of fog for 60 gold pieces
 36582 | Vaults:1 | Bought a scroll of teleportation for 45 gold pieces
 36582 | Vaults:1 | Bought a scroll of revelation for 112 gold pieces
 36758 | Vaults:1 | Received a gift from Trog
 37033 | Vaults:1 | Reached XP level 20. HP: 127/177 MP: 20/20
 38089 | Vaults:2 | Received a gift from Trog
 38213 | Vaults:2 | Paralysed by a formless jellyfish for 1 turns
 38218 | Vaults:2 | Reached skill level 5 in Dodging
 38806 | Vaults:3 | Found Ziudoff's Weapon Shop.
 39026 | Vaults:3 | Reached skill level 21 in Fighting
 39159 | Vaults:3 | Found a crumbling gateway.
 39186 | Vaults:3 | Received a gift from Trog
 39274 | Desolati | Entered the Desolation of Salt
 39605 | Desolati | Reached XP level 21. HP: 186/186 MP: 21/21
 39821 | Desolati | Identified the ring "Luzomesi" {rPois rC- Str+5 Int+5}
 39855 | Desolati | Identified the amulet "Aricaej" {Reflect Str+2 Dex+3 SH+5}
 39909 | Desolati | Received a gift from Trog
 39959 | Desolati | Identified the +7 ring mail of the Unseen Realm {rCorr
                  | Int-2 Dex+3}
 40024 | Desolati | Identified the ring of Ashenzari's Supremacy {Will++ SInv}
 40245 | Desolati | Identified the ring of Lady Luck {Fly rF+ AC+4 Dex-3}
 40334 | Vaults:3 | Found Houbb's Armour Shop.
 40340 | Vaults:3 | Bought a scarf of resistance for 544 gold pieces
 40469 | Vaults:3 | Found Isuilam's Distillery.
 40474 | Vaults:3 | Bought a potion of heal wounds for 90 gold pieces
 40474 | Vaults:3 | Bought a potion of curing for 54 gold pieces
 40557 | Vaults:3 | Found Satedgh's Magic Scroll Emporium.
 40565 | Vaults:3 | Bought a scroll of teleportation for 60 gold pieces
 40565 | Vaults:3 | Bought 2 scrolls of teleportation for 120 gold pieces
 40565 | Vaults:3 | Bought a scroll of teleportation for 60 gold pieces
 40696 | Vaults:3 | Found a runed translucent door.
 40720 | Vaults:3 | Found Wiegaon's Armour Emporium.
 40905 | Vaults:3 | Found a staircase to the Crypt.
 41780 | Vaults:4 | Noticed Norris
 41785 | Vaults:4 | Killed Norris
 41795 | Vaults:4 | Reached skill level 22 in Fighting
 41876 | Vaults:4 | Found Vimodeum's Weapon Boutique.
 41877 | Vaults:4 | Identified the +7 broad axe "Tiyfas" {heavy, *Noise rC++
                  | Dex+3 Stlth+} (Trog gifted it to you on level 4 of the
                  | Vaults)
 41877 | Vaults:4 | Received a gift from Trog
 42811 | Depths:1 | Entered Level 1 of the Depths
 42850 | Depths:1 | Found a gateway to Hell.
 42880 | Depths:1 | Reached XP level 22. HP: 175/196 MP: 22/22
 42901 | Depths:1 | Found a magical portal.
 42922 | Depths:1 | Reached skill level 10 in Dodging
 43008 | WizLab   | Entered Wucad Mu's Monastery
 43091 | WizLab   | Found the crystal ball of Wucad Mu {*channel}
 43348 | WizLab   | Reached XP level 23. HP: 204/204 MP: 23/23
 43443 | Depths:1 | Noticed Mara
 43473 | Depths:1 | Killed Mara
 44000 | Depths:1 | Identified the +8 broad axe "Jaqeoh" {heavy, rF+++ Will+}
                  | (Trog gifted it to you on level 1 of the Depths)
 44000 | Depths:1 | Received a gift from Trog
 44269 | Depths:1 | Found a bloodstained altar of Trog.
 44574 | Depths:2 | Reached skill level 23 in Fighting
 45088 | Depths:2 | Found a one-way gate leading to the halls of Pandemonium.
 45324 | Depths:2 | Found a one-way gate to the infinite horrors of the Abyss.
 45559 | Depths:3 | Found Big Baal Hell's Store.
 45934 | Depths:3 | Received a gift from Trog
 46167 | Depths:3 | Found a one-way gateway to a ziggurat.
 46169 | Depths:3 | Identified the +4 robe "Cefu Nui" {Dex+5}
 46169 | Depths:3 | Noticed Boris
 46176 | Depths:3 | Killed Boris
 46524 | Depths:3 | Found a runed translucent gate.
 46524 | Depths:3 | Found a runed translucent gate.
 46524 | Depths:3 | Found a runed translucent gate.
 46526 | Depths:3 | Noticed Grunn
 46527 | Depths:3 | Noticed Gumuy's ghost (adept MiHu)
 46528 | Depths:3 | Found a viscous altar of Jiyva.
 47071 | Depths:3 | Noticed a royal mummy
 47229 | Depths:3 | Killed Grunn
 47544 | Depths:3 | Noticed a royal mummy
 47552 | Depths:3 | Killed a royal mummy
 47553 | Depths:3 | Reached skill level 24 in Fighting
 47852 | Depths:3 | Noticed a royal mummy
 47855 | Depths:3 | Killed a royal mummy
 47981 | Depths:3 | Found the +7 sceptre of Torment {pain, torment}
 48106 | Depths:3 | Killed a royal mummy
 48241 | Depths:4 | Entered Level 4 of the Depths
 48325 | Depths:4 | Reached XP level 24. HP: 190/218 MP: 23/23
 48334 | Depths:4 | Noticed a juggernaut
 48339 | Depths:4 | Killed a juggernaut
 48427 | Depths:4 | Noticed a juggernaut
 48431 | Depths:4 | Received a gift from Trog
 48435 | Depths:4 | Killed a juggernaut
 48566 | Depths:4 | Found Meijeh's Assorted Antiques.
 48577 | Depths:4 | Noticed Sojobo
 48685 | Depths:4 | Identified the ring of the Morning {Ice rElec Will+ Str-4}
 48685 | Depths:4 | Noticed Josephina
 48929 | Depths:4 | Killed Sojobo
 48934 | Depths:4 | Killed Josephina
 49013 | Depths:4 | Found Ajuweteg's Assorted Antiques.
 49015 | Depths:4 | Found Opiblang's Magic Scroll Shop.
 49017 | Depths:4 | Found Dunyucof's General Store.
 49025 | Depths:4 | Bought a potion of heal wounds for 80 gold pieces
 49077 | Depths:4 | Bought a potion of haste for 350 gold pieces
 49077 | Depths:4 | Bought a potion of curing for 105 gold pieces
 49135 | Depths:4 | Found a gate to the Realm of Zot.
 49197 | Depths:4 | Found Immuc's Antique Armour Shop.
 49222 | Depths:4 | Bought a glimmering helmet for 389 gold pieces
 49222 | Depths:4 | Identified the -1 helmet of the Harp {Str+3 Int-2 SInv}
                  | (You bought it in a shop on level 4 of the Depths)
 49335 | Depths:4 | Reached skill level 25 in Fighting
 49420 | Depths:4 | Found Jojis's Weapon Boutique.
 49707 | Depths:4 | Found Nexkaig's General Store.
 49715 | Depths:4 | Bought a potion of curing for 72 gold pieces
 49715 | Depths:4 | Bought a potion of ambrosia for 192 gold pieces
 49771 | Depths:4 | Noticed a caustic shrike
 49771 | Depths:4 | Noticed a caustic shrike
 49771 | Depths:4 | Noticed a caustic shrike
 49772 | Depths:4 | Noticed a caustic shrike
 49779 | Depths:4 | Killed a caustic shrike
 49782 | Depths:4 | Killed a caustic shrike
 49785 | Depths:4 | Killed a caustic shrike
 49786 | Depths:4 | Killed a caustic shrike
 50440 | Elf:1    | Entered Level 1 of the Elven Halls
 50455 | Elf:1    | Found a radiant altar of Vehumet.
 50800 | Depths:4 | Gained mutation: Your body sometimes deteriorates upon
                  | taking damage. [mutagenic glow]
 51504 | Elf:1    | Received a gift from Trog
 51690 | Elf:1    | Found a hide-covered altar of Uskayaw.
 51690 | Elf:1    | Identified the +5 whip "Puysant" {pain, Fly rElec rF-
                  | Dex+2}
 52180 | Elf:2    | Found a runed translucent gate.
 52181 | Elf:2    | Found a runed translucent gate.
 52181 | Elf:2    | Found a runed translucent gate.
 52610 | Elf:2    | Identified the +6 war axe of Trog's Hatred {heavy, Str+5}
                  | (Trog gifted it to you on level 2 of the Elven Halls)
 52610 | Elf:2    | Received a gift from Trog
 52661 | Elf:3    | Entered Level 3 of the Elven Halls
 52696 | Elf:3    | Found a huge runed translucent gate.
 52696 | Elf:3    | Found a huge runed translucent gate.
 52696 | Elf:3    | Found a huge runed translucent gate.
 52696 | Elf:3    | Found a huge runed translucent gate.
 52697 | Elf:3    | Found a huge runed translucent gate.
 52697 | Elf:3    | Found a huge runed translucent gate.
 52698 | Elf:3    | Found a huge runed translucent gate.
 52699 | Elf:3    | Found a huge runed translucent gate.
 52722 | Elf:3    | Found a huge runed translucent gate.
 52722 | Elf:3    | Found a huge runed translucent gate.
 52723 | Elf:3    | Found a huge runed translucent gate.
 52723 | Elf:3    | Found a huge runed translucent gate.
 52723 | Elf:3    | Found a huge runed translucent gate.
 52724 | Elf:3    | Found a huge runed translucent gate.
 52724 | Elf:3    | Found a huge runed translucent gate.
 52724 | Elf:3    | Found a huge runed translucent gate.
 52728 | Elf:3    | Found a huge runed translucent gate.
 52734 | Elf:3    | Found a huge runed translucent gate.
 52734 | Elf:3    | Found a huge runed translucent gate.
 52734 | Elf:3    | Found a huge runed translucent gate.
 52736 | Elf:3    | Found a huge runed translucent gate.
 52737 | Elf:3    | Found a huge runed translucent gate.
 52738 | Elf:3    | Found a huge runed translucent gate.
 52738 | Elf:3    | Found a huge runed translucent gate.
 52743 | Elf:3    | Found a huge runed translucent gate.
 52744 | Elf:3    | Found a huge runed translucent gate.
 52744 | Elf:3    | Found a huge runed translucent gate.
 52744 | Elf:3    | Found a huge runed translucent gate.
 52744 | Elf:3    | Found a huge runed translucent gate.
 52746 | Elf:3    | Found a huge runed translucent gate.
 52747 | Elf:3    | Found a huge runed translucent gate.
 52748 | Elf:3    | Found a huge runed translucent gate.
 52748 | Elf:3    | Found a huge runed translucent gate.
 52753 | Elf:3    | Found a huge runed translucent gate.
 52754 | Elf:3    | Found a huge runed translucent gate.
 52754 | Elf:3    | Found a huge runed translucent gate.
 53144 | Elf:3    | Reached XP level 25. HP: 227/229 MP: 23/23
 53819 | Elf:3    | Identified the amulet of the Ban {Will+ RegenMP+ Str+4
                  | SInv}
 53831 | Elf:3    | Identified the ring of Serauqa {Will+ MP+9}
 53836 | Elf:3    | Identified the amulet "Loetin" {rElec Will+ RegenMP+}
 54017 | Elf:3    | Received a gift from Trog
 54171 | Elf:3    | Identified the +2 orcbow "Ijaeniub" {heavy, Str-5 Int+9
                  | Stlth+}
 54570 | Slime:1  | Entered Level 1 of the Pits of Slime
 54610 | Slime:2  | Reached skill level 26 in Fighting
 54808 | Slime:3  | Paralysed by a formless jellyfish for 1 turns
 54914 | Slime:3  | Paralysed by a formless jellyfish for 1 turns
 55102 | Slime:3  | Paralysed by a formless jellyfish for 1 turns
 55777 | Slime:5  | Entered Level 5 of the Pits of Slime
 55942 | Slime:5  | Found a viscous altar of Jiyva.
 55969 | Slime:5  | Noticed the Royal Jelly
 55998 | Slime:5  | Paralysed by a formless jellyfish for 1 turns
 56507 | Slime:5  | Killed the Royal Jelly
 56507 | Slime:5  | Received a gift from Trog
 56880 | Slime:5  | Identified the +7 dagger of Tamaicez {protect, *Rage
                  | Will+++ rCorr Int-5}
 56929 | Slime:5  | Got a slimy rune of Zot
 56939 | Slime:5  | Identified the staff of Punishment {rPois rCorr Str-4 Int+3
                  | Tloc Alchemy}
 56941 | Slime:5  | Identified the ring of Lucrirog {rC++ MP-9 EV+5}
 57230 | Vaults:5 | Entered Level 5 of the Vaults
 57702 | Vaults:5 | Reached XP level 26. HP: 200/240 MP: 23/23
 57956 | Vaults:5 | Noticed Margery
 57959 | Vaults:5 | Received a gift from Trog
 58382 | Vaults:5 | Killed Margery
 59069 | Vaults:5 | Reached skill level 27 in Fighting
 59101 | Vaults:5 | Identified the +8 hand axe of Laceration {flame, ^Fragile
                  | rC++ rCorr} (Trog gifted it to you on level 5 of the
                  | Vaults)
 59101 | Vaults:5 | Received a gift from Trog
 59528 | Vaults:5 | Identified the +6 morningstar of Nioviuwk {elec, rN+}
 59605 | Vaults:5 | Got a silver rune of Zot
 59668 | Vaults:5 | Identified the +8 short sword of Contention {heavy, Dex+4
                  | Stlth+}
 59922 | Vaults:5 | Identified the +0 chain mail of Vehumet's Fury {Str+2 Dex+5
                  | SInv}
 60160 | Vaults:5 | Identified the +0 cloak "Omugeh" {SInv Stlth+}
 60701 | Zot:1    | Entered Level 1 of the Realm of Zot
 61025 | Zot:1    | Received a gift from Trog
 61262 | Depths:4 | Slain by a green draconian monk

Illustrated notes

Levels and vault maps discovered:
D:1:      dpeg_arrival_connections, layout_loops_corners,
          corexii_item_surrounded_by_moat, minmay_tiny_reverse_x
D:2:      layout_rooms, hellmonk_ecumenical_altar_heavens_door, st_stairs_5,
          hex_medium
D:3:      layout_rooms, uniq_sigmund, uniq_terence
D:4:      layout_cave_pools, mainiacjoe_overflow_alcove_2,
          mainiacjoe_overflow_divided_tiny, minmay_temple_entry_arrows,
          serial_shops, nicolae_shop_waterfront
D:5:      layout_loops_ring, lemuel_mausoleum_altar_yredelemnul,
          old_standard_altar, serial_rivers, chequers_serial_rivers_micro_e,
          chequers_serial_rivers_marsh, chequers_serial_rivers_room_b,
          chequers_serial_rivers_micro_e, chequers_serial_rivers_micro_e,
          chequers_serial_rivers_small_a, st_stairs_6, uniq_crazy_yiuf_cottage,
          uniq_ijyb
D:6:      layout_loops_corners, uniq_eustachio
D:7:      layout_basic, mainiacjoe_overflow_24_doors, serial_shops,
          nicolae_shop_just_a_little_nook, minmay_large_rounded_square
D:8:      layout_basic, uniq_gastronok
D:9:      layout_basic, zombieorc2_lemuel, uniq_erica
D:10:     layout_layer_cave, kennysheep_okawaru_gauntlet,
          lemuel_coloured_pillars_altar, erik_lair_orcish_takeover
D:11:     hangedman_what_comes_after_a, layout_cave_pools
D:12:     layout_loops_cross, uniq_nessos
D:13:     nzn_winding_woodlands_three_and_one [nzn_winding_woodlands_5x15_pool,
          nzn_winding_woodlands_5x15_cabin, nzn_winding_woodlands_5x15_crooked,
          nzn_winding_woodlands_center_pierced_h], layout_rooms, erik_vaults_1,
          serial_bayou, serial_bayou_pond_a, serial_bayou_lagoon_a,
          serial_bayou_pond_b, serial_bayou_pond_d, serial_bayou_pond_c,
          serial_bayou_shore_a, gauntlet_entry_generic, kb_tengu_band
D:14:     layout_basic, nicolae_trove_entry_free_sample,
          nicolae_qazlal_eye_of_the_storm, serial_shops, shop, shop, shop, shop,
          nicolae_stop_n_shop_2
D:15:     grunt_enter_depths_snipers, layout_rooms,
          hangedman_abyss_or_decor_lesser_grid, minmay_diced_spiral
Lair:1:   layout_misc_corridors, st_stairs_9
Lair:2:   layout_long_grid, mainiacjoe_swamp_entry_lozenge_pond,
          dummy_snake_entry, gammafunk_ghost_arena
Lair:3:   layout_misc_corridors, infiniplex_staircase_pool_2
Lair:4:   layout_roguey [special_room_mythical_zoo],
          minmay_slime_entry_oklob_open, lemuel_another_geyser
Lair:5:   gammafunk_lair_ancient_temple, layout_gridlike, basic_altar,
          minmay_lair_oklob_items, uniq_kirke
Swamp:1:  layout_falls_marsh, evilmike_swamp_ruin_house_1, uniq_donald
Swamp:2:  layout_basic_swamp, evilmike_swamp_ruin_house_6, swamp_pool_4,
          nicolae_swamp_reclaimed_castle, nicolae_swamp_triple_paths
Swamp:3:  layout_falls_marsh, evilmike_swamp_ruin_house_4
Swamp:4:  nzn_swamp_witches_coven, layout_basic_swamp, swamp_pool_4,
          uniq_bai_suzhen, uniq_aizul
Snake:1:  layout_honeycomb, fake_guardian_serpent_vault, uniq_mlioglotl
Snake:2:  cheibrodos_toxic_ritual, layout_onion_interference, minmay_shop_grove,
          grunt_megastairs_5
Snake:3:  cheibrodos_snake_lava_hold, layout_misc_corridors
Snake:4:  grunt_snake_rune_serpentine_throne, layout_onion,
          nicolae_snake_snakes_in_the_grass
Slime:1:  layout_caves
Slime:2:  layout_caves, cheibrodos_slime_lost_civilization_5
Slime:3:  layout_caves
Slime:4:  layout_caves
Slime:5:  slime_pit_nicolae_amoeboid
Orc:1:    layout_caves, nicolae_volcano_entry_two_sided, serial_shops, shop
Orc:2:    st_orc_open, layout_caves
Elf:1:    eino_elf_arrival_altar, layout_geoelf_octagon, nicolae_elf_altarnating
Elf:2:    nicolae_elf_blades_crystal_corner, layout_onion_city,
          minmay_misc_feat_rows, nicolae_zig_zag_zippers
Elf:3:    minmay_elf_hall_dome, layout_geoelf_grid, not_door_vault_due
Vaults:1: dpeg_vaults_monster_row, v_pattern_4, grunt_vaults_trifunnel,
          vaults_standard_mumra_enter_the_diamond,
          vaults_room_grunt_arrival_checkpoint, nicolae_vaults_trapezoid_3,
          vaults_room_guarded_vault, v_misc_2, layout_vaults_quadrants,
          serial_shops, shop, uniq_boris
Vaults:2: nicolae_vaults_border_crossing, ontoclasm_vaults_pinch,
          nicolae_vaults_tetromino_T_1, vaults_standard_mumra_enter_the_diamond,
          hangedman_vaults_corner_blocks, nicolae_vaults_tangram_1,
          hangedman_vaults_variations, v_misc_28,
          nicolae_vaults_heart-shaped_vault,
          nicolae_vaults_doubleplus_tesselated, ontoclasm_vaults_misaligned,
          grunt_vaults_hallway_short, layout_vaults_maze_bifur
Vaults:3: portal_desolation_entry_nicolae_nacl, v_misc_30, v_rooms_2,
          hangedman_vaults_stream, minmay_crypt_entry_vampire_xt,
          nicolae_vaults_oozy_zoo, nicolae_vaults_taking_the_gang_shopping,
          ontoclasm_vaults_ring_small, nicolae_vaults_house_2, v_misc_15,
          nicolae_vaults_closet_pinwheel_2, vaults_room_semicircle,
          layout_vaults_big_room, serial_shops, nicolae_shop_advertising_works
          [nicolae_subvault_shop_adworks], shop, nicolae_shop_mannequins, shop
Vaults:4: serial_library_hellmonk_reading_circle, hangedman_vaults_maws,
          vaults_standard_mumra_x, nicolae_vaults_frosty_reception,
          nicolae_vaults_crenellated_ambush,
          nicolae_vaults_variable_pillar_hall, nicolae_vaults_shelves_hall,
          hangedman_vaults_cutoff, v_misc_30,
          nicolae_vaults_offset_grid_hallway_4, v_misc_28,
          layout_vaults_omnibox, serial_shops, shop, uniq_norris
Vaults:5: uniq_margery
Depths:1: layout_cave_shapes, pf_hell_entry_tar_spiral, mu_enter_wizlab_4,
          minmay_crystal_room, solitary_fountain, tgw_trog, grunt_megastairs_4,
          serial_bayou_shore_b, uniq_mara
Depths:2: cheibrodos_quadrivalence, layout_cave_pools, rand_demon_pan_entry_7,
          abyss_entry_crystal, hell_entry, serial_bayou_shore_b
Depths:3: minmay_guarded_unrand_sceptre_of_torment, layout_gridville,
          enter_ziggurat_f, grunt_pan_entry_in_and_out,
          nicolae_hell_entry_big_baal_hell,
          nicolae_abyss_entry_one_way_or_another, kennysheep_decorative_pillar,
          gammafunk_ghost_ooze, infiniplex_staircase_spiral,
          serial_bayou_shore_b, uniq_grunn
Depths:4: evilmike_zot_entry_basic, layout_honeycomb, abyss_entry_glasseish,
          nicolae_the_louvre, serial_shops, nicolae_shop_back_alley_shop,
          nicolae_shop_stone, shop, shop, grunt_metal_band, minivault_14,
          serial_bayou_shore_b, minmay_shop_star, uniq_sojobo, uniq_josephina
Zot:1:    layout_onion_interference, regret_index_zotdec_serpentine_scales,
          hangedman_zot_decor_scrapings

Skill      XL: |  1  2  3  4  5  6  7  8  9 10 11 12 13 14 15 16 17 18 19 20 21 22 23 24 25 26 |
---------------+-------------------------------------------------------------------------------+-----
Axes           | 4 5 6 7 9 11 13 15 17 18 19 20 21 | 21.9
Fighting       | 4 5 7 8 9 10 12 13 15 17 18 20 21 22 24 25 26 27 | 27.0
Armour         | 4 6 8 10 11 13 14 16 17 19 20 21 22 23 24 | 24.6
Evocations     | 6 10 13 15 | 15.0
Dodging        | 2 7 9 11 12 | 12.1

Action                     |  1- 3 |  4- 6 |  7- 9 | 10-12 | 13-15 | 16-18 | 19-21 | 22-24 | 25-27 || total
---------------------------+-------+-------+-------+-------+-------+-------+-------+-------+-------++-------
  Melee: Hand axe          |    60 |    73 |       |       |   175 |       |       |       |       ||   308
         Dagger            |    54 |    68 |    96 |       |       |       |       |       |       ||   218
         War axe           |       |     4 |   279 |   626 |   558 |       |       |       |       ||  1467
         Broad axe         |       |       |       |       |   229 |  1016 |  1005 |   848 |   699 ||  3797
         Scimitar          |       |       |       |       |     3 |       |       |       |       ||     3
 Invoke: Berserk           |     1 |     5 |     4 |     5 |    13 |    19 |    15 |    13 |    11 ||    86
         Trog's Hand       |       |     1 |       |     1 |     3 |     1 |     1 |     3 |    12 ||    22
         Brothers in Arms  |       |       |       |     2 |     2 |     3 |     1 |     1 |       ||     9
Ability: Invent Gizmo      |       |       |       |       |     1 |       |       |       |       ||     1
  Evoke: Wand              |       |       |       |    12 |     2 |     6 |       |       |    27 ||    47
         Phantom mirror    |       |       |       |       |       |       |       |       |     1 ||     1
    Use: Potion            |       |     2 |       |     2 |     3 |     3 |     2 |     1 |     6 ||    19
         Scroll            |       |       |     7 |     9 |    19 |     6 |     2 |     2 |     8 ||    53
   Stab: Sleeping          |     2 |     1 |       |       |     1 |     6 |     1 |     1 |     3 ||    15
         Paralysed         |       |       |       |    12 |       |       |       |       |     1 ||    13
         Distracted        |       |       |       |       |     1 |     2 |       |     3 |     1 ||     7
 Armour: Animal skin       |    31 |    32 |       |       |       |       |       |       |       ||    63
         Skin              |       |    24 |       |       |    22 |       |       |       |       ||    46
         Chain mail        |       |     7 |   132 |     8 |     4 |       |   116 |   322 |   244 ||   833
         Scale mail        |       |       |       |   287 |     7 |       |       |   116 |   350 ||   760
         Plate armour      |       |       |       |       |   108 |       |       |       |       ||   108
         Swamp dragon scal |       |       |       |       |   285 |   634 |   388 |       |       ||  1307
  Dodge: Dodged            |    31 |    42 |    62 |   171 |   169 |   278 |   274 |   346 |   413 ||  1786
         Repelled          |       |       |       |       |    18 |    80 |    45 |    62 |    72 ||   277

Table legend: (Time is in decaauts)
 A = Elapsed time spent in this place.
 B = Non-inter-level travel time spent in this place.
 C = Inter-level travel time spent in this place.
 D = Time resting spent in this place.
 E = Time spent auto-exploring this place.
 F = Levels seen in this place.
 G = Mean time per level.
                   A        B        C        D        E       F      G
               +--------+--------+--------+--------+--------+-----+--------+
         Total |  62254 |  57810 |   4444 |   7144 |  39888 |  52 | 1197.2 |
       Dungeon |  15492 |  13844 |   1648 |    529 |  10839 |  15 | 1032.8 |
          Lair |   5093 |   4508 |    585 |     81 |   3574 |   5 | 1018.6 |
         Swamp |   5517 |   5272 |    245 |    435 |   4008 |   4 | 1379.2 |
     Snake Pit |   7185 |   6988 |    197 |    620 |   5132 |   4 | 1796.2 |
    Slime Pits |   2478 |   2405 |     73 |   1304 |    467 |   5 |  495.6 |
  Orcish Mines |   2209 |   1969 |    240 |    217 |   1229 |   2 | 1104.5 |
   Elven Halls |   3362 |   3114 |    248 |     41 |   2411 |   3 | 1120.7 |
        Vaults |  10469 |   9893 |    576 |   1754 |   6514 |   5 | 2093.8 |
        Depths |   7973 |   7346 |    627 |   1695 |   4623 |   4 | 1993.2 |
           Zot |     27 |     27 |      0 |      0 |      0 |   1 |   27.0 |
       Volcano |    306 |    306 |      0 |    135 |     17 |   1 |  306.0 |
        Wizlab |    345 |    345 |      0 |      0 |    220 |   1 |  345.0 |
    Desolation |   1032 |   1032 |      0 |    271 |    533 |   1 | 1032.0 |
      Gauntlet |    760 |    760 |      0 |     58 |    318 |   1 |  760.0 |
               +--------+--------+--------+--------+--------+-----+--------+

Top non-repeatable levels by time:
Vaults:4: 3115 daAuts
Vaults:1: 2660 daAuts
 Snake:2: 2275 daAuts
Depths:3: 2187 daAuts
Depths:4: 2132 daAuts
Depths:2: 1944 daAuts
 Snake:4: 1892 daAuts
Vaults:2: 1741 daAuts
 Snake:3: 1734 daAuts
Depths:1: 1709 daAuts
 Swamp:4: 1702 daAuts
   Elf:3: 1621 daAuts
    D:13: 1602 daAuts
Vaults:5: 1583 daAuts
 Swamp:3: 1453 daAuts
